 Dungeon Crawl Stone Soup version 0.28-a0-556-gab23d0e057 (webtiles) character file.

Game seed: 14732634798235782558

563 Rennog the Skirmisher (level 7, -2/69 HPs)
             Began as a Naga Fighter on Sept 28, 2021.
             Was a Believer of Wu Jian.
             Slain by an orc warrior (10 damage)
             ... on level 5 of the Dungeon.
             The game lasted 00:08:28 (6372 turns).

Rennog the Skirmisher (Naga Fighter)                Turns: 6372, Time: 00:08:29

Health: -2/69      AC:  9    Str: 19    XL:     7   Next: 32%
Magic:  7/7        EV:  4    Int:  8    God:    Wu Jian [**....]
Gold:   203        SH:  4    Dex: 12    Spells: 6/6 levels left

rFire   + . .      SeeInvis +   a - +0 rapier
rCold   + . .      Faith    .   c - +0 buckler
rNeg    . . .      Spirit   .   m - +0 plate armour
rPois   +          Reflect  .   (no helmet)
rElec   .          Harm     .   (no cloak)
rCorr   .          Rampage  .   l - +0 pair of gloves
Will    .....                   (no barding)
Stlth   ..........              s - amulet of the acrobat
HPRegen 0.21/turn               k - ring of protection from cold
MPRegen 0.10/turn               t - ring of protection from fire

@: very slow
A: AC +2, large, see invisible, deformed body, poison resistance, slowness 2,
spit poison 1, naga tail 1
a: Spit Poison, Renounce Religion, Wall Jump


You were on level 5 of the Dungeon.
You worshipped Wu Jian.
Wu Jian was pleased with you.
You visited 1 branch of the dungeon, and saw 6 of its levels.

You collected 203 gold pieces.

Inventory:

Hand Weapons
 a - a +0 rapier (weapon)
Armour
 c - a +0 buckler (worn)
 f - a +0 chain mail
 l - a +0 pair of gloves (worn)
 m - a +0 plate armour (worn)
Jewellery
 h - a ring of magical power
 i - a ring of fire
 k - a ring of protection from cold (left hand)
 s - an amulet of the acrobat (around neck)
 t - a ring of protection from fire (right hand)
Scrolls
 b - a scroll of silence
 p - a scroll of blinking
 q - a scroll of magic mapping {unknown}
 r - a scroll of teleportation {unknown}
 u - a scroll of noise {unknown}
 v - a scroll of vulnerability {unknown}
Potions
 d - a potion of might
 e - a potion of curing
 j - a potion of magic {unknown}
 n - 2 potions of mutation
 o - 2 potions of degeneration
 w - 2 potions of invisibility


   Skills:
 * Level 6.2 Fighting
 - Level 2.0 Short Blades
 - Level 2.4 Armour
 + Level 2.8 Dodging
 + Level 5.6 Stealth
 - Level 2.4 Shields


You had 6 spell levels left.
You didn't know any spells.
Your spell library contained the following spells:

 Spells                   Type           Power      Damage    Failure   Level
 Beastly Appendage        Tmut           0%         N/A       100%        1
 Wereblood                Tmut           0%         N/A       100%        2
 Spider Form              Tmut/Pois      0%         N/A       100%        3


Dungeon Overview and Level Annotations

Branches:
Dungeon (6/15)             Temple (0/1) D:5

Altars:
Wu Jian

Annotations:
D:4 1 runed translucent door, miscthings's ghost, novice NaFi


Innate Abilities, Weirdness & Mutations

Your serpentine skin is tough. (AC +2)
You have supernaturally acute eyesight. (SInv)
Armour fits poorly on your strangely shaped body.
Your system is resistant to poisons. (rPois)
You cover ground very slowly.
You can spit poison.
You have a snake-like lower body.


Message History

You hit the orc warrior.
The orc warrior is heavily wounded.
You block the orc warrior's attack.
You barely miss the orc warrior.
The orc warrior is moderately wounded.
The orc warrior hits you with a +0 scimitar.
You hit the orc warrior.
The orc warrior is heavily wounded.
The orc warrior hits you with a +0 scimitar!
You closely miss the orc warrior.
The orc warrior is heavily wounded.
The orc warrior hits you with a +0 scimitar!
An orc priest comes into view. It is wielding a +2 mace of protection.
The orc priest shouts!
You hit the orc warrior but do no damage.
The orc warrior is heavily wounded.
The orc warrior completely misses you.
You hit the orc warrior but do no damage.
The orc warrior is heavily wounded.
The orc warrior hits you with a +0 scimitar!
You block the orc warrior's attack.
There is nothing to wall jump against here.
The orc warrior misses you.
The orc warrior hits you with a +0 scimitar!
* * * LOW HITPOINT WARNING * * *
You spin and attack the orc warrior.
You hit the orc warrior but do no damage.
The orc warrior is heavily wounded.
The orc priest looks braver for a moment.
The orc warrior hits you with a +0 scimitar.
* * * LOW HITPOINT WARNING * * *
There is a stone staircase leading up here.
The orc warrior hits you with a +0 scimitar!
* * * LOW HITPOINT WARNING * * *
You climb upwards.
There is a stone staircase leading down here.
Unknown command.
You feel better.
The orc warrior hits you with a +0 scimitar!
You die...

###### #....#
#....# #####
#...o# #...#
#...@# #..##
#....# #..#
#....# #..#
#....# #.##
#..###
#.###########..#
.......##......#
..........####.#
........### #.#


You could see an orc warrior.

Vanquished Creatures
  A scorpion (D:3)
  2 orc priests (D:3)
  2 hounds (D:5)
  3 jellies (D:5)
  A bullfrog skeleton (D:5)
  3 iguanas (D:4)
  A hound skeleton (D:5)
  4 gnolls (D:4)
  4 adders
  An ufetubus (D:5)
  An adder skeleton (D:4)
  4 worms
  5 dart slugs
  11 orcs
  9 bats
  An endoplasm (D:1)
  A giant cockroach (D:2)
  A goblin (D:1)
  6 hobgoblins
  2 jackals (D:4)
  6 kobolds
  2 quokkas
  7 ball pythons
  6 frilled lizards
  4 rats
88 creatures vanquished.

Notes
Turn   | Place    | Note
-------+----------+-------------------------------------------
     0 | D:1      | Rennog the Naga Fighter began the quest for the Orb.
     0 | D:1      | Reached XP level 1. HP: 21/21 MP: 1/1
   298 | D:1      | Reached skill level 1 in Stealth
   305 | D:1      | Reached XP level 2. HP: 14/28 MP: 2/2
  1329 | D:1      | Found a faded altar of an unknown god.
  1338 | D:1      | Became a worshipper of the Wu Jian Council
  1338 | D:1      | Reached * piety under Wu Jian
  1370 | D:1      | Reached XP level 3. HP: 34/34 MP: 3/3
  1765 | D:2      | Reached skill level 1 in Dodging
  2197 | D:2      | Reached skill level 4 in Fighting
  2257 | D:2      | Reached XP level 4. HP: 27/44 MP: 4/4
  2725 | D:3      | Noticed a scorpion
  2734 | D:3      | Killed a scorpion
  2735 | D:3      | Reached XP level 5. HP: 30/51 MP: 5/5
  2871 | D:3      | Reached ** piety under Wu Jian
  3049 | D:3      | Reached skill level 5 in Fighting
  4042 | D:4      | Reached XP level 6. HP: 60/61 MP: 6/6
  5290 | D:4      | Found a runed translucent door.
  5291 | D:4      | Noticed miscthings's ghost (novice NaFi)
  5482 | D:5      | Entered Level 5 of the Dungeon
  5524 | D:5      | Reached skill level 5 in Stealth
  5697 | D:5      | Reached XP level 7. HP: 59/68 MP: 7/7
  5770 | D:5      | Reached skill level 6 in Fighting
  5838 | D:5      | Found a staircase to the Ecumenical Temple.
  6370 | D:6      | HP: 1/69 [orc warrior (11)]
  6372 | D:5      | Slain by an orc warrior

Illustrated notes

Levels and vault maps discovered:
D:1:      dpeg_arrival_pits, layout_basic, ebering_ecumenical_altar_mist,
          chequers_serial_rivers_large_a, minmay_crystal_water,
          minmay_close_crescents
D:2:      layout_loops_corners
D:3:      cheibrodos_pilgrimage, layout_basic
D:4:      layout_loops_ring, gammafunk_ghost_grave
D:5:      layout_rooms, minmay_temple_entry_ruins
D:6:      layout_basic, serial_rivers, chequers_serial_rivers_large_b,
          chequers_serial_rivers_small_b, chequers_serial_rivers_small_a,
          chequers_serial_rivers_marsh, nicolae_shop_sticking_my_neck_out

Skill      XL: |  1  2  3  4  5  6  7 |
---------------+----------------------+-----
Stealth        | 1 2 3 4 5 |  5.6
Dodging        | 1 2 |  2.8
Fighting       | 4 5 6 |  6.2
Short Blades   | |  2.0
Armour         | |  2.4
Shields        | |  2.4

Action                   |  1- 3 |  4- 6 |  7- 9 || total
-------------------------+-------+-------+-------++-------
Melee: Rapier            |   120 |   200 |    62 ||   382
Invok: Lunge             |     5 |    14 |       ||    19
       Whirlwind         |       |       |     1 ||     1
 Abil: Spit Poison       |     3 |     7 |     3 ||    13
  Use: Scroll            |       |       |     6 ||     6
       Potion            |       |       |     1 ||     1
Armor: Scale mail        |    12 |       |       ||    12
       Chain mail        |    53 |    29 |       ||    82
       Plate armour      |       |    53 |    56 ||   109
Dodge: Dodged            |    38 |    40 |    17 ||    95
Block: Buckler           |    19 |    39 |    15 ||    73

Table legend: (Time is in decaauts)
 A = Elapsed time spent in this place.
 B = Non-inter-level travel time spent in this place.
 C = Inter-level travel time spent in this place.
 D = Time resting spent in this place.
 E = Time spent auto-exploring this place.
 F = Levels seen in this place.
 G = Mean time per level.
                   A        B        C        D        E       F      G
               +--------+--------+--------+--------+--------+-----+--------+
         Total |   7821 |   7515 |    306 |      0 |   6633 |   6 | 1303.5 |
       Dungeon |   7821 |   7515 |    306 |      0 |   6633 |   6 | 1303.5 |
               +--------+--------+--------+--------+--------+-----+--------+

Top non-repeatable levels by time:
     D:1: 2072 daAuts
     D:4: 1715 daAuts
     D:3: 1612 daAuts
     D:2: 1361 daAuts
     D:5: 1026 daAuts
     D:6: 33 daAuts
